 Dungeon Crawl Stone Soup version 0.28-a0-863-g8cecda6153 (webtiles) character file.

Game seed: 12947567627225741644

41703 Rennog the Fighter (level 14, -2/112 HPs)
             Began as a Djinni Fire Elementalist on Nov 20, 2021.
             Was an Elder of Makhleb.
             Slain by a death yak (23 damage)
             ... on level 5 of the Lair of Beasts.
             The game lasted 00:50:20 (27078 turns).

Rennog the Fighter (Djinni Fire Elementalist)      Turns: 27078, Time: 00:50:21

Health: -2/112     AC:  6    Str: 12    XL:     14   Next: 51%
Gold:   1435       EV: 18    Int: 33    God:    Makhleb [****..] SH:  5 Dex: 14

rFire   + + +      SeeInvis .   u - +5 whip of Mehex {vorpal, rC+ Will- Int+6}
rCold   . . .      Faith    .   (no shield)
rNeg    . . .      Spirit   .   M - +3 robe "Vuequsis" {MP+9 Int+6}
rPois   ∞          Reflect  +   (no helmet)
rElec   .          Harm     .   e - +0 cloak
rCorr   .          Rampage  .   (no gloves)
Will    .....                   (boots unavailable)
Stlth   ++........              d - amulet of reflection
HPRegen 0.28/turn               i - ring of wizardry
MPRegen 0.00/turn               Q - ring of the Priest {rPois rF+ Str+2 Int+2}

@: flying
A: sickness immunity, fire resistance 2, cold vulnerability 1, float, innate
caster, hp casting, extra vitality 1
a: Renounce Religion, Minor Destruction, Lesser Servant of Makhleb, Major
Destruction


You were on level 5 of the Lair of Beasts.
You worshipped Makhleb.
Makhleb was greatly pleased with you.
You visited 4 branches of the dungeon, and saw 23 of its levels.
You also visited: Sewer and Gauntlet.

You collected 1461 gold pieces.
You spent 26 gold pieces at shops.

Inventory:

Hand Weapons
 u - the +5 whip of Mehex (weapon) {vorpal, rC+ Will- Int+6}
   (You found it on level 5 of the Dungeon)

   It inflicts extra damage upon your enemies.
   Int:       It affects your intelligence (+6).
   rC:        It protects you from cold.
   Will:      It decreases your willpower.
 U - the +4 mace "Watren" {protect, Str+8}
   (You found it in a Gauntlet)

   It grants its wielder temporary protection when it strikes (+7 to AC).
   Str:       It affects your strength (+8).
Missiles
 h - 6 throwing nets
Armour
 e - a +0 cloak (worn)
 k - a +0 kite shield
 M - the +3 robe "Vuequsis" (worn) {MP+9 Int+6}
   (You took it off an orc on level 8 of the Dungeon)

   Int:       It affects your intelligence (+6).
   MP:        It affects your magic capacity (+9).
 V - the +1 plate armour of Diuqentuho {Str+3 Dex+7}
   (You found it in a Gauntlet)

   Str:       It affects your strength (+3).
   Dex:       It affects your dexterity (+7).
Jewellery
 d - an amulet of reflection (around neck)
 i - a ring of wizardry (left hand)
 s - a ring of ice
 Q - the ring of the Priest (right hand) {rPois rF+ Str+2 Int+2}
   (You found it in a Gauntlet)

   [ring of poison resistance]

   Str:       It affects your strength (+2).
   Int:       It affects your intelligence (+2).
   rF:        It protects you from fire.
   rPois:     It protects you from poison.
 W - a ring of see invisible
Wands
 y - a wand of paralysis (38)
 H - a wand of flame (52)
 I - a wand of charming (7)
 K - a wand of mindburst (19)
 X - a wand of iceblast (14)
Scrolls
 b - 5 scrolls of magic mapping
 l - 3 scrolls of immolation
 n - 5 scrolls of fog
 q - a scroll of amnesia {unknown}
 r - 4 scrolls of identify
 v - 5 scrolls of blinking {unknown}
 w - 3 scrolls of enchant armour
 x - 11 scrolls of teleportation
 A - 2 scrolls of brand weapon
 F - 3 scrolls of fear
 G - 3 scrolls of torment {unknown}
 J - 4 scrolls of noise
 L - a scroll of vulnerability {unknown}
 O - a scroll of enchant weapon {unknown}
Potions
 c - 3 potions of invisibility
 f - 4 potions of curing
 g - 4 potions of degeneration
 j - a potion of lignification {unknown}
 m - 5 potions of flight {unknown}
 o - 4 potions of heal wounds
 p - 2 potions of magic {unknown}
 t - 2 potions of might {unknown}
 z - 2 potions of resistance {unknown}
 B - 5 potions of attraction {unknown}
 C - 2 potions of haste {unknown}
 D - 5 potions of brilliance {unknown}
 E - 2 potions of cancellation {unknown}
 N - a potion of mutation
 P - 10 potions of ambrosia
 T - 2 potions of berserk rage {unknown}
Miscellaneous
 a - a phantom mirror
 R - a tin of tremorstones (2/2)
 S - a piece from Xom's chessboard (15/15)
 Y - a box of beasts (inert)
 Z - a lightning rod (4/4)


   Skills:
 - Level 14.1 Fighting
 - Level 13.1 Dodging
 - Level 1.6 Stealth
 - Level 7.5 Shields
 - Level 10.0 Spellcasting
 - Level 3.6 Invocations
 + Level 5.3 Evocations


You had one spell level left.
You knew the following spells:

 Your Spells              Type           Power      Damage    Failure   Level
a - Foxfire               Conj/Fire      100%       2x1d9     1%          1
b - Scorch                Fire           100%       2d10      1%          2
c - Conjure Flame         Conj/Fire      70%        6-21      1%          3
d - Inner Flame           Hex/Fire       70%        N/A       1%          3
e - Flame Wave            Conj/Fire      70%        3d12      1%          4
f - Animate Skeleton      Necr           100%       N/A       1%          1
g - Call Imp              Summ           70%        N/A       1%          2
h - Lesser Beckoning      Tloc           70%        N/A       1%          3
i - Sticky Flame          Conj/Fire      70%        2d8       1%          4
j - Animate Dead          Necr           35%        N/A       1%          4
k - Agony                 Necr           70%        N/A       1%          5
Your spell library was empty.

Dungeon Overview and Level Annotations

Branches:
Dungeon (15/15)            Temple (1/1) D:6            Lair (6/6) D:11
 Shoals (0/4) Lair:2        Snake (1/4) Lair:4          Orc (0/2) D:9
 Vaults (0/5) D:13          Sewer (visited)         Gauntlet (visited)
  Slime: Lair:5-6    Depths: D:15

Altars:
Ashenzari
Cheibriados
Dithmenos
Elyvilon
Fedhas
Gozag
Hepliaklqana
Kikubaaqudgha
Makhleb
Nemelex Xobeh
Okawaru
Qazlal
Ru
Sif Muna
Trog
Uskayaw
Vehumet
Wu Jian
Xom
Yredelemnul
Zin
The Shining One

Shops:
D:3 ?   D:7 *

Annotations:
D:12 Frances
Lair:6 Daunt's ghost, journeyman KoDe


Innate Abilities, Weirdness & Mutations

You are immune to sickness and miasma.
You are immune to poison.
Your flesh is very heat resistant. (rF++)
You are vulnerable to cold. (rC-)
You float through the air rather than walking.
You learn spells naturally, not from books.
Your magical power is your life essence.
You have superior vitality. (+4 HP)


Message History

You fly upwards.
Welcome back to the Lair of Beasts!
There is a staircase to the Snake Pit here.
You start resting.
HP restored.
There is an open door here.
There is an escape hatch in the floor here.
There is a staircase to the Snake Pit here.
Things that are here:
a +0 robe; a +0 dire flail
There is an open door here.
There is an escape hatch in the floor here.
There is an open door here.
There is an open door here.
There is a stone staircase leading down here.
You fly downwards.
There is a stone staircase leading up here.
Done exploring.
There is a stone staircase leading down here.
You fly downwards.
Level annotation: Daunt's ghost, journeyman KoDe The death yak bellows!
You hear a bellow!
You block the water moccasin's attack. The death yak gores you!
The water moccasin closely misses you.
A death yak comes into view.
The death yak gores you!!
There is a stone staircase leading up here.
The water moccasin closely misses you. The death yak gores you!!
The death yak misses you. The death yak gores you!
You fly upwards.
There is a stone staircase leading down here.
Unknown command.
As you read the scroll of fear, it crumbles to dust.
You assume a fearsome visage.
The death yak resists with almost no effort.
The water moccasin looks frightened!
The death yak resists with almost no effort.
The death yak looks frightened!
The death yak gores you!!
* * * LOW HITPOINT WARNING * * *
The death yak gores you!!
You die...

###....# ##.### ##.....#
#....####### ##
##.....:###....#.....# .# ###
###.......P###.........## .#
#.###....##....##..#.........
.#####.###...##.....####....#...#
###.....#....##.##### #.........
.#.#..##...####..Y#### #P.##..###
..###....#......@Y#..####......#
..###...##.....Y.÷#..##.......##
...###........###S#......P#...##
............#..#........P###...#
#....8....####.##........##P...##
##.......#.P###..........#.......
##.8...8.#..####............P....
.#..........##......#....P.......
.....8....##........##..P........


You could see 3 death yaks and a water moccasin (fleeing).

Vanquished Creatures
  An ironbound preserver (D:13)
  A minotaur (Gauntlet)
  2 hydras
  2 boulder beetles
  An anaconda (Snake:1)
  A catoblepas (Lair:4)
  2 death yaks
  2 two-headed ogres
  A sixfirhy (Gauntlet)
  2 deep elf pyromancers
  A naga ritualist (Snake:1)
  Pikel (D:7)
  A mana viper (Snake:1)
  2 ugly things
  A cyclops (D:14)
  An ice statue (Gauntlet)
  4 merfolk sirens (Lair:2)
  7 black mambas
  9 cane toads
  3 rime drakes
  An unseen horror (D:11)
  A yaktaur (shapeshifter) (D:14)
  A tengu conjurer (D:12)
  12 komodo dragons
  A queen bee (Lair:1)
  A red devil (D:13)
  2 polar bears
  2 hornets
  2 trolls (D:10)
  Prince Ribbit (D:6)
  15 dream sheep
  A shadow (D:12)
  2 wyverns
  A vampire (D:11)
  A wraith (D:12)
  18 yaks
  3 basilisks
  Menkaure (D:6)
  A steam dragon (D:9)
  3 swamp worms (Gauntlet)
  5 nagas
  An acid dragon (D:10)
  14 water moccasins
  5 black bears
  3 ice beasts
  3 orc warriors
  An ogre (D:6)
  2 necrophages
  13 wolves
  7 centaurs
  2 lemures
  2 kobold brigands (D:8)
  2 phantoms
  3 gnoll sergeants
  4 scorpions
  13 bullfrogs
  A wyvern zombie (D:8)
  A water moccasin skeleton (D:6)
  25 killer bees (Lair:1)
  7 howler monkeys
  13 wights
  5 vampire bats (Lair:3)
  2 orc priests
  Crazy Yiuf (D:7)
  A bullfrog skeleton (D:6)
  A centaur skeleton (D:4)
  2 gnoll shamans
  10 hell rats (Lair:6)
  6 orc wizards
  3 iguanas
  2 killer bee zombies
  32 gnolls
  A howler monkey zombie (D:10)
  13 adders
  4 river rats (Sewer)
  2 ufetubi
  An adder skeleton (D:4)
  A worm (D:6)
  A dart slug (D:5)
  25 orcs
  7 bats
  8 endoplasms
  5 giant cockroaches
  10 goblins
  12 hobgoblins
  6 jackals
  20 kobolds
  5 quokkas
  17 ball pythons
  4 frilled lizards
  29 rats
478 creatures vanquished.

Vanquished Creatures (collateral kills)
  2 cane toads (Lair:4)
  A gnoll shaman (D:8)
  8 foxfires
11 creatures vanquished.

Vanquished Creatures (others)
  1459 foxfires
  14 fungi
  34 plants
1507 creatures vanquished.

Grand Total: 1996 creatures vanquished

Notes
Turn   | Place    | Note
-------+----------+-------------------------------------------
     0 | D:1      | Rennog the Djinni Fire Elementalist began the quest for the
                  | Orb.
     0 | D:1      | Reached XP level 1. HP: 15/15 MP: 0/0
   213 | D:1      | Reached XP level 2. HP: 17/21 MP: 0/0
  1024 | D:1      | Reached XP level 3. HP: 24/25 MP: 0/0
  1024 | D:1      | Learned a level 1 spell: Animate Skeleton
  1358 | D:1      | Found a faded altar of an unknown god.
  1868 | D:2      | Found an opulent altar of Gozag.
  2144 | D:2      | Reached XP level 4. HP: 24/31 MP: 0/0
  2642 | D:2      | Reached skill level 1 in Fighting
  2644 | D:2      | Reached XP level 5. HP: 18/37 MP: 0/0
  2644 | D:2      | Learned a level 2 spell: Call Imp
  3166 | D:3      | Noticed a black bear
  3178 | D:3      | Killed a black bear
  3179 | D:3      | Reached skill level 2 in Fighting
  3179 | D:3      | Reached XP level 6. HP: 34/43 MP: 0/0
  3381 | D:3      | Found an iron altar of Okawaru.
  3398 | D:3      | Found Anot's Magic Scroll Shoppe.
  3431 | D:3      | Bought a scroll of identify for 26 gold pieces
  3837 | D:3      | Found a shadowy altar of Dithmenos.
  4139 | D:4      | Reached skill level 5 in Spellcasting
  4142 | D:4      | Reached XP level 7. HP: 36/49 MP: 0/0
  4142 | D:4      | Learned a level 3 spell: Lesser Beckoning
  4273 | D:4      | Reached skill level 3 in Fighting
  4759 | D:4      | Found a blossoming altar of Fedhas.
  4906 | D:4      | Found an opulent altar of Gozag.
  4956 | D:5      | Entered Level 5 of the Dungeon
  5095 | D:5      | Reached skill level 4 in Fighting
  5097 | D:5      | Reached XP level 8. HP: 50/58 MP: 0/0
  5283 | D:5      | Identified the +5 whip of Mehex {vorpal, rC+ Will- Int+6}
  5347 | D:5      | Reached skill level 5 in Fighting
  6090 | D:6      | Found a staircase to the Ecumenical Temple.
  6131 | D:6      | Found a glowing drain.
  6140 | D:6      | Noticed Prince Ribbit
  6141 | D:6      | Reached skill level 5 in Dodging
  6143 | D:6      | Reached skill level 6 in Fighting
  6150 | D:6      | Killed Prince Ribbit
  6151 | D:6      | Reached XP level 9. HP: 41/67 MP: 0/0
  6151 | D:6      | Learned a level 4 spell: Sticky Flame
  6164 | Sewer    | Entered a sewer
  6839 | Sewer    | Reached skill level 7 in Fighting
  6997 | Temple   | Entered the Ecumenical Temple
  7369 | D:6      | Found a broken altar of Ashenzari.
  7371 | D:6      | Noticed Menkaure
  7587 | D:6      | Reached skill level 8 in Fighting
  7659 | D:6      | Found a stormy altar of Qazlal.
  7895 | D:6      | Identified the +4 dagger "Aluz" {vorpal, MP+9 Dex+3}
  7913 | D:6      | Killed Menkaure
  8590 | D:7      | Found a basalt altar of Yredelemnul.
  8638 | D:7      | Reached skill level 9 in Fighting
  8748 | D:7      | Found a snail-covered altar of Cheibriados.
  8830 | D:7      | Noticed Pikel
  8950 | D:7      | Killed Pikel
  8951 | D:7      | Reached XP level 10. HP: 66/78 MP: 0/0
  9404 | D:7      | Found Caecoh's General Store.
  9542 | D:7      | Found a runed translucent door.
  9543 | D:7      | Noticed Crazy Yiuf
  9586 | D:7      | Killed Crazy Yiuf
  9765 | D:8      | Reached skill level 10 in Fighting
 10871 | D:8      | Identified the +3 robe "Vuequsis" {MP+9 Int+6}
 11094 | D:8      | Found a burning altar of Makhleb.
 11162 | D:8      | Became a worshipper of Makhleb the Destroyer
 11703 | D:9      | Noticed a two-headed ogre
 11866 | D:9      | Found a staircase to the Orcish Mines.
 12068 | D:9      | Reached skill level 11 in Fighting
 12426 | D:9      | Killed a two-headed ogre
 12427 | D:9      | Reached XP level 11. HP: 63/87 MP: 0/0
 12427 | D:9      | Learned a level 4 spell: Animate Dead
 12757 | D:10     | Entered Level 10 of the Dungeon
 12928 | D:10     | Reached skill level 12 in Fighting
 13348 | D:10     | Found a sparkling altar of Nemelex Xobeh.
 13709 | D:11     | Reached skill level 10 in Dodging
 13981 | D:11     | Found a staircase to the Lair.
 14005 | D:11     | Reached * piety under Makhleb
 14470 | D:11     | Noticed a purple ugly thing
 14478 | D:11     | Killed a purple ugly thing
 14479 | D:11     | Reached skill level 13 in Fighting
 15060 | D:12     | Noticed Frances
 15073 | D:12     | Noticed a sixfirhy
 15398 | D:13     | Noticed a deep elf pyromancer
 15404 | D:13     | Killed a deep elf pyromancer
 15405 | D:13     | Reached skill level 1 in Shields
 15413 | D:13     | Noticed a two-headed ogre
 15418 | D:14     | Noticed a boulder beetle
 15418 | D:14     | Noticed a wizard
 15722 | D:14     | Noticed a deep elf pyromancer
 15727 | D:14     | Killed a deep elf pyromancer
 15972 | D:13     | Killed a two-headed ogre
 15988 | D:13     | Reached XP level 12. HP: 19/98 MP: 0/0
 16399 | D:14     | HP: 4/98 [boulder beetle (10)]
 16411 | D:14     | Killed a boulder beetle
 17211 | D:14     | Noticed a boulder beetle
 17240 | D:15     | Entered Level 15 of the Dungeon
 17393 | Lair:1   | Entered Level 1 of the Lair of Beasts
 17458 | Lair:1   | Reached ** piety under Makhleb
 17643 | Lair:1   | Found a gate leading to a gauntlet.
 17656 | Gauntlet | Entered a Gauntlet
 17656 | Gauntlet | Found a transporter.
 17656 | Gauntlet | Found a runed translucent gate.
 17656 | Gauntlet | Found a runed translucent gate.
 17656 | Gauntlet | Found a runed translucent gate.
 17663 | Gauntlet | Found a transporter.
 17665 | Gauntlet | Found a transporter.
 17676 | Gauntlet | Found a transporter.
 17679 | Gauntlet | Found a transporter.
 17685 | Gauntlet | Noticed a sixfirhy
 17687 | Gauntlet | Noticed a sixfirhy
 17690 | Gauntlet | Found a transporter.
 17705 | Gauntlet | Found a runed translucent door.
 17709 | Gauntlet | Found a transporter.
 17719 | Gauntlet | Found a transporter.
 17719 | Gauntlet | Noticed a green death
 17726 | Gauntlet | Found a transporter.
 17727 | Gauntlet | Found a runed translucent door.
 17732 | Gauntlet | Noticed a wretched star
 17749 | Gauntlet | Found a transporter.
 17763 | Gauntlet | Found a transporter.
 17764 | Gauntlet | Found a transporter.
 17809 | Gauntlet | Found a runed translucent door.
 17812 | Gauntlet | Found a transporter.
 17826 | Gauntlet | Found a transporter.
 18215 | Gauntlet | Identified the ring of the Priest {rPois rF+ Str+2 Int+2}
 18418 | Gauntlet | Identified the +4 mace "Watren" {protect, Str+8}
 18420 | Gauntlet | Identified the +1 plate armour of Diuqentuho {Str+3 Dex+7}
 18426 | Gauntlet | Killed a sixfirhy
 18468 | Gauntlet | Noticed a minotaur
 18473 | Gauntlet | Killed a minotaur
 18819 | Lair:1   | Noticed a six-headed hydra
 18827 | Lair:1   | Killed a six-headed hydra
 18828 | Lair:1   | Reached skill level 5 in Shields
 18828 | Lair:1   | Reached skill level 1 in Evocations
 19213 | Lair:2   | Reached XP level 13. HP: 74/103 MP: 0/0
 19213 | Lair:2   | Learned a level 5 spell: Agony
 19481 | Lair:2   | Found a staircase to the Shoals.
 19953 | Lair:2   | Identified the amulet of Asceticism {Faith Will+ Regen+
                  | Dex-4}
 20123 | Lair:2   | Noticed a seven-headed hydra
 20130 | Lair:2   | Killed a seven-headed hydra
 21395 | Lair:4   | Reached *** piety under Makhleb
 21904 | Lair:4   | Found a staircase to the Snake Pit.
 21909 | Lair:4   | Reached skill level 1 in Invocations
 22023 | Lair:4   | Noticed a catoblepas
 22040 | Lair:4   | Killed a catoblepas
 23581 | Lair:5   | Reached XP level 14. HP: 103/111 MP: 0/0
 24004 | Lair:6   | Entered Level 6 of the Lair of Beasts
 24016 | Lair:6   | Reached **** piety under Makhleb
 24054 | Lair:6   | Noticed Daunt's ghost (journeyman KoDe)
 25445 | D:13     | Noticed an ironbound preserver
 25446 | D:13     | Found a gate to the Vaults.
 25582 | D:13     | Killed an ironbound preserver
 25583 | D:13     | Reached skill level 14 in Fighting
 25583 | D:13     | Reached skill level 5 in Evocations
 26247 | Snake:1  | Entered Level 1 of the Snake Pit
 26560 | Snake:1  | Reached skill level 10 in Spellcasting
 27078 | Lair:5   | Slain by a death yak

Illustrated notes

Levels and vault maps discovered:
D:1:      wander_arrival_lonely_grave, layout_basic,
          hellmonk_ecumenical_altar_slurped_away, serial_park_tiny_2,
          minmay_misc_feat_x, minmay_crystal_room, minivault_25,
          kennysheep_minor_cross
D:2:      layout_basic, basic_altar, kennysheep_another_room
D:3:      layout_loops_cross, gammafunk_temple_overflow_wave,
          okawaru_altar_gauntlet_db, serial_shops, shop
D:4:      layout_rooms, fedhas_altar_fruit_tree, kennysheep_mini, minmay_bent
D:5:      layout_rooms
D:6:      corexii_shack_village, layout_gridville, grunt_qazlal_clouds,
          mainiacjoe_overflow_catwalk, evilmike_ruin_ashenzari,
          minmay_temple_entry_antechambers, cheibrodos_sewer_entry_drain,
          hangedman_decor_diamond_cutter, grunt_ministairs_14, uniq_menkaure,
          uniq_prince_ribbit1
D:7:      layout_loops_ring, mainiacjoe_overflow_brackets, old_standard_altar,
          serial_shops, nicolae_take_the_stairs, uniq_pikel,
          uniq_crazy_yiuf_cottage
D:8:      layout_loops_ring, bloody_makhleb, minmay_misc_feat_more_columns,
          corexii_hall_statues_l
D:9:      layout_basic, orc_0_dummy
D:10:     layout_small_grid, nemelex_spade_bored_becter
D:11:     layout_rooms, lair_entry_dummy, feat_on_display
D:12:     layout_stronghold, uniq_frances
D:13:     layout_basic, skrybe_vaults_entry_preservation,
          einodemon_armed_red_devil_minivault, uniq_maurice
D:14:     layout_loops_ring, chequers_serial_rivers_room_b
D:15:     gammafunk_enter_depths_forms, layout_small_grid, serial_shops,
          nicolae_shop_waterfront, special_room [special_room_orc],
          minmay_strange_pillars, einodemon_barbed_minivault
Temple:   compressed_dpeg_circular_temple
Lair:1:   layout_roguey [special_room_bee], gauntlet_entry_generic,
          beast_lair_carwin_5
Lair:2:   layout_concentric_octagons, elwin_shoals_entry_stream,
          serial_bayou_shore_b, grunt_megastairs_5, lemuel_fruit_fields
Lair:3:   layout_misc_corridors, roderic_batcave, beast_lair_carwin_11
Lair:4:   layout_roguey, guppyfry_snake_entry_garden, grunt_megastairs_3,
          infiniplex_staircase_pool
Lair:5:   layout_misc_corridors, grunt_megastairs_4, lemuel_fruit_tree
Lair:6:   grunt_lair_end_beastmaster, layout_hall_layers, slime_altar_1,
          gammafunk_ghost_split, minivault_25, st_stairs_5
Snake:1:  layout_chambers, serial_shops, nicolae_shop_crystal,
          grunt_megastairs_1, serial_bayou_shore_b, uniq_louise

Skill      XL: |  1  2  3  4  5  6  7  8  9 10 11 12 13 14 |
---------------+-------------------------------------------+-----
Spellcasting   | 3 4 5 6 8 9 10 | 10.0
Fighting       | 1 2 4 6 9 11 13 14 | 14.1
Dodging        | 5 7 9 10 11 12 13 | 13.1
Shields        | 2 5 6 7 |  7.5
Evocations     | 1 4 5 |  5.3
Invocations    | 2 3 |  3.6
Stealth        | |  1.6

Action                   |  1- 3 |  4- 6 |  7- 9 | 10-12 | 13-15 || total
-------------------------+-------+-------+-------+-------+-------++-------
Melee: Unarmed           |     2 |     1 |       |       |       ||     3
       Whip              |       |       |    13 |    49 |     9 ||    71
 Cast: Foxfire           |    42 |    76 |   305 |   210 |   239 ||   872
       Scorch            |    21 |    20 |    46 |    86 |    83 ||   256
       Flame Wave        |       |     1 |     5 |    29 |    31 ||    66
       Call Imp          |       |     1 |     2 |     9 |     7 ||    19
       Lesser Beckoning  |       |       |     1 |       |       ||     1
       Sticky Flame      |       |       |     3 |    28 |    28 ||    59
       Animate Dead      |       |       |       |     1 |     1 ||     2
       Agony             |       |       |       |       |     9 ||     9
Evoke: Wand              |       |       |       |     3 |       ||     3
       Piece from Xom's  |       |       |       |     1 |       ||     1
       Box of beasts     |       |       |       |       |     1 ||     1
  Use: Scroll            |       |     2 |     2 |    11 |     2 ||    17
       Potion            |       |       |       |     6 |       ||     6
Armor: Robe              |     1 |     1 |     4 |    20 |    22 ||    48
Dodge: Dodged            |     6 |     4 |    28 |   147 |    89 ||   274
Block: Other             |       |       |       |       |    26 ||    26
       Reflection        |       |       |       |       |     1 ||     1

Table legend: (Time is in decaauts)
 A = Elapsed time spent in this place.
 B = Non-inter-level travel time spent in this place.
 C = Inter-level travel time spent in this place.
 D = Time resting spent in this place.
 E = Time spent auto-exploring this place.
 F = Levels seen in this place.
 G = Mean time per level.
                   A        B        C        D        E       F      G
               +--------+--------+--------+--------+--------+-----+--------+
         Total |  27108 |  25269 |   1839 |   3486 |  18477 |  25 | 1084.3 |
       Dungeon |  18112 |  17093 |   1019 |   2440 |  12688 |  15 | 1207.5 |
        Temple |    329 |    265 |     64 |      0 |    257 |   1 |  329.0 |
          Lair |   6533 |   5781 |    752 |    737 |   4295 |   6 | 1088.8 |
     Snake Pit |    542 |    539 |      3 |      0 |    391 |   1 |  542.0 |
         Sewer |    758 |    758 |      0 |    138 |    500 |   1 |  758.0 |
      Gauntlet |    831 |    831 |      0 |    171 |    346 |   1 |  831.0 |
               +--------+--------+--------+--------+--------+-----+--------+

Top non-repeatable levels by time:
     D:8: 2027 daAuts
  Lair:4: 1959 daAuts
    D:12: 1869 daAuts
     D:1: 1737 daAuts
     D:7: 1476 daAuts
    D:14: 1340 daAuts
     D:2: 1301 daAuts
    D:11: 1274 daAuts
  Lair:1: 1250 daAuts
  Lair:2: 1250 daAuts
     D:6: 1237 daAuts
     D:5: 1075 daAuts
     D:3: 1070 daAuts
  Lair:5: 1018 daAuts
    D:13: 1014 daAuts
